PAAA
SUNSET DISTRICT FOG @ JERSEY CITY SUN CAPS
08/15/2025
 
TOP OF THE 1ST
Sunset District Fog batting - Pitching for Jersey City Sun Caps : RHP Natalino Golaio
Pitching: RHP Natalino Golaio
Batting: LHB Bryce Reilly 0-0: Ball
1-0: Foul Ball, location: 2F
1-1: Ball
2-1: SINGLE (Groundball, 4D)
Batting: RHB Joe Phillips 0-0: Grounds into double play, 6-4-3 (Groundball, 56)
Batting: RHB Simon Yusaf Khel 0-0: Ball
1-0: Called Strike
1-1: Fly out, F8 (Flyball, 8LD)
Top of the 1st over - 0 run(s), 1 hit(s), 0 error(s), 0 left on base; Sunset District 0 - Jersey City 0
BOTTOM OF THE 1ST
Jersey City Sun Caps batting - Pitching for Sunset District Fog : RHP Carlos Martínez
Pitching: RHP Carlos Martínez
Batting: LHB Cole Thrash 0-0: Foul Ball, location: 2F
0-1: Ball
1-1: Ball
2-1: Ball
3-1: Foul Ball, location: 2F
3-2: Foul Ball, location: 2F
3-2: Base on Balls
Batting: RHB Brandon Reed 0-0: Ball
1-0: Ground out 4-3 (Groundball, 4MS)
Cole Thrash to second
Batting: RHB Shohei Kiyomizu 0-0: Ball
1-0: Ground out 3-1 (Groundball, 34)
Cole Thrash to third
Batting: SHB Jake Richardson 0-0: Ball
1-0: Foul Ball, location: 2F
1-1: Swinging Strike
1-2: Foul Ball, location: 2F
1-2: Foul Ball, location: 2F
1-2: Ball
2-2: Foul Ball, location: 2F
2-2: Foul Ball, location: 2F
2-2: Ball
3-2: Strikes out swinging
Bottom of the 1st over - 0 run(s), 0 hit(s), 0 error(s), 1 left on base; Sunset District 0 - Jersey City 0
TOP OF THE 2ND
Sunset District Fog batting - Pitching for Jersey City Sun Caps : RHP Natalino Golaio
Batting: RHB Jim Lee 0-0: Ball
1-0: Foul Ball, location: 2F
1-1: Foul Ball, location: 2F
1-2: Foul Ball, location: 2F
1-2: SINGLE (Line Drive, 6M)
Batting: RHB Manuel Rodríguez 0-0: Called Strike
0-1: Foul Ball, location: 2F
0-2: Ball
1-2: Ball
2-2: Strikes out swinging
Batting: SHB Luis Luquín 0-0: Foul Ball, location: 2F
0-1: Swinging Strike
Passed Ball!
Jim Lee to second
0-2: SINGLE (Groundball, 3S) (infield hit)
Jim Lee to third
Batting: RHB Mariano Sánchez 0-0: Foul Ball, location: 2F
0-1: Ball
1-1: Ball
2-1: Foul Ball, location: 2F
2-2: Ball
3-2: Fly out, F8 (Flyball, 8RM)
Runner from 3rd tags up, SCORES, no throw
Batting: RHB Ricardo Téllez 0-0: Fly out, F6 (Line Drive, 6D)
Top of the 2nd over - 1 run(s), 2 hit(s), 0 error(s), 1 left on base; Sunset District 1 - Jersey City 0
BOTTOM OF THE 2ND
Jersey City Sun Caps batting - Pitching for Sunset District Fog : RHP Carlos Martínez
Batting: LHB Qi-zhen Loong 0-0: Ball
1-0: Ball
2-0: Ball
3-0: Fly out, F8 (Flyball, 8RM)
Batting: RHB Salvador Pineda 0-0: Ball
1-0: Called Strike
1-1: Fly out, F8 (Flyball, 8RM)
Batting: RHB Eddie O'Bryan 0-0: Ball
1-0: Ball
2-0: Ball
3-0: Base on Balls
Batting: RHB Matt Brown 0-0: Ball
1-0: Fielders Choice at 2nd, 6-4 (Groundball, 6)
Bottom of the 2nd over - 0 run(s), 0 hit(s), 0 error(s), 0 left on base; Sunset District 1 - Jersey City 0
TOP OF THE 3RD
Sunset District Fog batting - Pitching for Jersey City Sun Caps : RHP Natalino Golaio
Batting: LHB Duffy McSwiggin 0-0: Ball
1-0: Swinging Strike
1-1: Called Strike
1-2: Foul Ball, location: 2F
1-2: Foul Ball, location: 2F
1-2: Fly out, F4 (Line Drive, 4)
Batting: LHB Bryce Reilly 0-0: SINGLE (Groundball, 4D)
Batting: RHB Joe Phillips 0-0: Called Strike
0-1: Ball
1-1: Ball
2-1: Ground out 6-3 (Groundball, 6S)
Bryce Reilly to second
Batting: RHB Simon Yusaf Khel 0-0: Called Strike
0-1: Ball
1-1: Foul Ball, location: 2F
1-2: Strikes out looking
Top of the 3rd over - 0 run(s), 1 hit(s), 0 error(s), 1 left on base; Sunset District 1 - Jersey City 0
BOTTOM OF THE 3RD
Jersey City Sun Caps batting - Pitching for Sunset District Fog : RHP Carlos Martínez
Batting: RHB Miguel Cruz 0-0: Ball
1-0: Ground out 6-3 (Groundball, 6)
Batting: LHB Cole Thrash 0-0: Foul Ball, location: 2F
0-1: Ball
1-1: Ball
2-1: Foul Ball, location: 2F
2-2: Ball
3-2: Base on Balls
Batting: RHB Brandon Reed 0-0: Foul Ball, location: 2F
0-1: Ball
1-1: Foul Ball, location: 2F
1-2: Foul Ball, location: 2F
1-2: Ball
2-2: Foul Ball, location: 2F
2-2: Foul Ball, location: 2F
2-2: Grounds into double play, 5-4-3 (Groundball, 56)
Bottom of the 3rd over - 0 run(s), 0 hit(s), 0 error(s), 0 left on base; Sunset District 1 - Jersey City 0
TOP OF THE 4TH
Sunset District Fog batting - Pitching for Jersey City Sun Caps : RHP Natalino Golaio
Batting: RHB Jim Lee 0-0: Called Strike
0-1: Foul Ball, location: 2F
0-2: Foul Ball, location: 2F
0-2: Fly out, F8 (Flyball, 78D)
Batting: RHB Manuel Rodríguez 0-0: Called Strike
0-1: Ball
1-1: Ground out 5-3 (Groundball, 5L)
Batting: SHB Luis Luquín 0-0: Ball
1-0: Ball
2-0: DOUBLE (Line Drive, 7D)
Batting: RHB Mariano Sánchez 0-0: Swinging Strike
0-1: Ball
1-1: Ball
2-1: Ball
3-1: Base on Balls
Batting: RHB Ricardo Téllez 0-0: Foul Ball, location: 2F
0-1: Ball
1-1: Ball
2-1: 3-RUN HOME RUN (Flyball, 7D), Distance : 382 ft
Batting: LHB Duffy McSwiggin 0-0: Called Strike
0-1: Ball
1-1: Ball
2-1: Ball
3-1: Foul Ball, location: 2F
3-2: Hit by Pitch, AND HE CHARGES THE MOUND! The benches clear!
Pitching: RHP Brian Collingwood
Pinch Runner at 1st Carlos Sánchez:
Batting: LHB Bryce Reilly 0-0: Called Strike
0-1: Fly out, F9 (Flyball, 9S)
Top of the 4th over - 3 run(s), 2 hit(s), 0 error(s), 1 left on base; Sunset District 4 - Jersey City 0
BOTTOM OF THE 4TH
Jersey City Sun Caps batting - Pitching for Sunset District Fog : RHP Carlos Martínez
Now in CF: Carlos Sánchez
Batting: RHB Shohei Kiyomizu 0-0: Ground out 6-3 (Groundball, 6)
Batting: SHB Jake Richardson 0-0: Called Strike
0-1: Ball
1-1: Fly out, F9 (Flyball, 89M)
Batting: LHB Qi-zhen Loong 0-0: Ball
1-0: Ground out U3 (Groundball, 34)
Bottom of the 4th over - 0 run(s), 0 hit(s), 0 error(s), 0 left on base; Sunset District 4 - Jersey City 0
TOP OF THE 5TH
Sunset District Fog batting - Pitching for Jersey City Sun Caps : RHP Brian Collingwood
Batting: RHB Joe Phillips 0-0: Called Strike
0-1: Swinging Strike
0-2: Strikes out swinging
Batting: RHB Simon Yusaf Khel 0-0: Fly out, F7 (Flyball, 78M)
Batting: RHB Jim Lee 0-0: Called Strike
0-1: Ball
1-1: Swinging Strike
1-2: Foul Ball, location: 2F
1-2: SINGLE (Groundball, 34D)
Batting: RHB Manuel Rodríguez 0-0: Called Strike
0-1: Foul Ball, location: 2F
0-2: Ball
1-2: Fielders Choice at 2nd, U6 (Groundball, 6M)
Top of the 5th over - 0 run(s), 1 hit(s), 0 error(s), 1 left on base; Sunset District 4 - Jersey City 0
BOTTOM OF THE 5TH
Jersey City Sun Caps batting - Pitching for Sunset District Fog : RHP Carlos Martínez
Batting: RHB Salvador Pineda 0-0: Foul Ball, location: 2F
0-1: Ground out 6-3 (Groundball, 6S)
Batting: RHB Eddie O'Bryan 0-0: Ball
1-0: Ball
2-0: Swinging Strike
2-1: Fly out, F5 (Line Drive, 56)
Batting: RHB Matt Brown 0-0: Ball
1-0: Swinging Strike
1-1: Foul Ball, location: 2F
1-2: Fly out, F7 (Line Drive, 78M)
Bottom of the 5th over - 0 run(s), 0 hit(s), 0 error(s), 0 left on base; Sunset District 4 - Jersey City 0
TOP OF THE 6TH
Sunset District Fog batting - Pitching for Jersey City Sun Caps : RHP Brian Collingwood
Batting: SHB Luis Luquín 0-0: Called Strike
0-1: Ball
1-1: Ball
2-1: Ball
3-1: Base on Balls
Batting: RHB Mariano Sánchez 0-0: Sac Bunt - play at first, batter OUT! 1-3
Luis Luquín to second
Batting: RHB Ricardo Téllez 0-0: Ball
1-0: Ground out 6-3 (Groundball, 6MS)
Luis Luquín to third
Batting: SHB Carlos Sánchez 0-0: Ball
1-0: SINGLE (Line Drive, 5D)
Luis Luquín scores
Batting: LHB Bryce Reilly 0-0: Ball
1-0: Called Strike
1-1: Fly out, F8 (Flyball, 8LM)
Top of the 6th over - 1 run(s), 1 hit(s), 0 error(s), 1 left on base; Sunset District 5 - Jersey City 0
BOTTOM OF THE 6TH
Jersey City Sun Caps batting - Pitching for Sunset District Fog : RHP Carlos Martínez
Batting: RHB Miguel Cruz 0-0: Ground out 5-3 (Groundball, 56S)
Batting: LHB Cole Thrash 0-0: Called Strike
0-1: Ball
1-1: Ball
2-1: Foul Ball, location: 2F
2-2: Ball
3-2: Base on Balls
Batting: RHB Brandon Reed 0-0: Ball
1-0: Fly out, F8 (Flyball, 8LM)
Batting: RHB Shohei Kiyomizu 0-0: Ball
1-0: Ball
2-0: Swinging Strike
2-1: Foul Ball, location: 2F
2-2: Ball
3-2: Foul Ball, location: 2F
3-2: Base on Balls
Cole Thrash to second
Batting: SHB Jake Richardson 0-0: Ball
1-0: Reached on error, E5 (Groundball, 56S)
Cole Thrash to third
Shohei Kiyomizu to second
Batting: LHB Qi-zhen Loong 0-0: DOUBLE (Flyball, 8LXD)
Cole Thrash scores
Shohei Kiyomizu scores
Jake Richardson to third
Runner from 3rd tries for Home, SAFE, no throw
Batting: RHB Salvador Pineda 0-0: Foul Ball, location: 2F
0-1: Swinging Strike
0-2: Ball
1-2: Strikes out swinging
Bottom of the 6th over - 3 run(s), 1 hit(s), 1 error(s), 1 left on base; Sunset District 5 - Jersey City 3
TOP OF THE 7TH
Sunset District Fog batting - Pitching for Jersey City Sun Caps : RHP Brian Collingwood
Batting: RHB Joe Phillips 0-0: Ball
1-0: Ball
2-0: Ball
3-0: Called Strike
3-1: Called Strike
3-2: Strikes out swinging
Batting: RHB Simon Yusaf Khel 0-0: Ground out 6-3 (Groundball, 6)
Batting: RHB Jim Lee 0-0: Ball
1-0: Ball
2-0: Ball
3-0: Called Strike
3-1: Foul Ball, location: 2F
3-2: Fly out, F3 (Line Drive, 3S)
Top of the 7th over - 0 run(s), 0 hit(s), 0 error(s), 0 left on base; Sunset District 5 - Jersey City 3
BOTTOM OF THE 7TH
Jersey City Sun Caps batting - Pitching for Sunset District Fog : RHP Carlos Martínez
Batting: RHB Eddie O'Bryan 0-0: Ball
1-0: Ball
2-0: Foul Ball, location: 2F
2-1: Ground out 6-3 (Groundball, 6)
Batting: RHB Matt Brown 0-0: Ball
1-0: Called Strike
1-1: Ball
2-1: Ball
3-1: Base on Balls
Batting: RHB Miguel Cruz 0-0: Ground out U3 (Groundball, 34S)
Matt Brown to second
Batting: LHB Cole Thrash 0-0: Foul Ball, location: 2F
0-1: Ball
1-1: Ball
2-1: Foul Ball, location: 2F
2-2: Ground out 1-3 (Groundball, P)
Bottom of the 7th over - 0 run(s), 0 hit(s), 0 error(s), 1 left on base; Sunset District 5 - Jersey City 3
TOP OF THE 8TH
Sunset District Fog batting - Pitching for Jersey City Sun Caps : RHP Brian Collingwood
Batting: RHB Manuel Rodríguez 0-0: Ball
1-0: Ball
2-0: Ball
3-0: Called Strike
3-1: Ground out 2-3 (Groundball, 15S)
Batting: SHB Luis Luquín 0-0: Ball
1-0: Called Strike
1-1: SINGLE (Line Drive, 7LS)
Batting: RHB Mariano Sánchez 0-0: Ball
Throwing error on steal attempt, E2
Luis Luquín to third
1-0: Ball
2-0: Ball
3-0: Called Strike
3-1: Called Strike
3-2: Foul Ball, location: 2F
3-2: Strikes out looking
Pitching: RHP Godfrey Verbiest
Batting: RHB Ricardo Téllez 0-0: Ball
1-0: Foul Ball, location: 2F
1-1: Foul Ball, location: 2F
1-2: Ball
2-2: Fly out, F9 (Flyball, 9)
Top of the 8th over - 0 run(s), 1 hit(s), 1 error(s), 1 left on base; Sunset District 5 - Jersey City 3
BOTTOM OF THE 8TH
Jersey City Sun Caps batting - Pitching for Sunset District Fog : RHP Carlos Martínez
Pitching: RHP Jim Unknown
Batting: RHB Brandon Reed 0-0: Fly out, F2 (Popup, 25)
Batting: RHB Shohei Kiyomizu 0-0: Ball
1-0: Fly out, F8 (Line Drive, 89S)
Batting: SHB Jake Richardson 0-0: Called Strike
0-1: Foul Ball, location: 2F
0-2: Ball
1-2: Strikes out swinging
Bottom of the 8th over - 0 run(s), 0 hit(s), 0 error(s), 0 left on base; Sunset District 5 - Jersey City 3
TOP OF THE 9TH
Sunset District Fog batting - Pitching for Jersey City Sun Caps : RHP Godfrey Verbiest
Pitching: LHP Jim Unknown
Batting: SHB Carlos Sánchez 0-0: Ball
1-0: Ball
2-0: Swinging Strike
2-1: Fly out, F8 (Flyball, 8LS)
Batting: LHB Bryce Reilly 0-0: Called Strike
0-1: Ball
1-1: Called Strike
1-2: Strikes out swinging
Batting: RHB Joe Phillips 0-0: Ball
1-0: Swinging Strike
1-1: Swinging Strike
1-2: Strikes out looking
Top of the 9th over - 0 run(s), 0 hit(s), 0 error(s), 0 left on base; Sunset District 5 - Jersey City 3
BOTTOM OF THE 9TH
Jersey City Sun Caps batting - Pitching for Sunset District Fog : RHP Jim Unknown
Batting: LHB Qi-zhen Loong 0-0: Ball
1-0: Ball
2-0: SINGLE (Line Drive, 9LS)
Batting: RHB Salvador Pineda 0-0: Fly out, F9 (Flyball, 9)
Batting: RHB Eddie O'Bryan 0-0: Called Strike
0-1: Foul Ball, location: 2F
0-2: Ball
1-2: Ball
2-2: Fly out, F7 (Flyball, 7S)
Pinch Hitting: LHB Jim Unknown 0-0: Called Strike
0-1: Called Strike
0-2: SINGLE (Groundball, 4MD)
Qi-zhen Loong to second
Runner from 2nd tries for 3rd, SAFE, throw made to third
Pinch Hitting: LHB Arturo Ballina 0-0: Ball
1-0: Called Strike
1-1: Called Strike
1-2: SINGLE (Groundball, 6S) (infield hit)
Qi-zhen Loong scores
Jim Unknown to second
Batting: LHB Cole Thrash 0-0: Ball
1-0: Foul Ball, location: 2F
1-1: Foul Ball, location: 2F
1-2: Foul Ball, location: 2F
1-2: Ball
2-2: Foul Ball, location: 2F
2-2: Foul Ball, location: 2F
2-2: Foul Ball, location: 2F
2-2: SINGLE (Groundball, 56D)
Jim Unknown to third
Arturo Ballina to second
Runner from 3rd tries for Home, SAFE, throw made home
Batting: RHB Brandon Reed 0-0: Fly out, F2 (Popup, 3S)
Bottom of the 9th over - 2 run(s), 4 hit(s), 0 error(s), 2 left on base; Sunset District 5 - Jersey City 5
TOP OF THE 10TH
Sunset District Fog batting - Pitching for Jersey City Sun Caps : LHP Jim Unknown
Now at SS: Ricardo Miranda
Now in LF: Jim Unknown
Batting: RHB Simon Yusaf Khel 0-0: Ball
1-0: Ball
2-0: Ball
3-0: Swinging Strike
3-1: Base on Balls
Batting: RHB Jim Lee 0-0: Swinging Strike
Simon Yusaf Khel steals 2nd base
0-1: Ball
1-1: Intentional Walk
Batting: RHB Manuel Rodríguez 0-0: Ball
1-0: Foul Ball, location: 2F
1-1: Called Strike
1-2: Fielders Choice at 2nd, 5-4 (Groundball, 5)
Simon Yusaf Khel to third
Pinch Hitting: RHB Rafael Najcrea 0-0: Called Strike
0-1: Foul Ball, location: 2F
0-2: Strikes out looking
Batting: RHB Mariano Sánchez 0-0: Ground out 1-3 (Groundball, 13S)
Top of the 10th over - 0 run(s), 0 hit(s), 0 error(s), 2 left on base; Sunset District 5 - Jersey City 5
BOTTOM OF THE 10TH
Jersey City Sun Caps batting - Pitching for Sunset District Fog : RHP Jim Unknown
Pitching: RHP Júlio Maes
Now at 2B: Rafael Najcrea
Batting: RHB Shohei Kiyomizu 0-0: Called Strike
0-1: SINGLE (Groundball, 56D)
Batting: SHB Jake Richardson 0-0: Ground out 5-3 (Groundball, 2L)
Shohei Kiyomizu to second
Batting: LHB Qi-zhen Loong 0-0: Intentional Walk
Batting: RHB Salvador Pineda 0-0: 3-RUN HOME RUN (Flyball, 7D), Distance : 398 ft
Friday, December 30th, 2016 - OOTP Baseball 17.12 Build 75